 Dungeon Crawl Stone Soup version 0.29.0-5-ge4962eb29e (webtiles) character file.

Game seed: 9724921264138429207

40208 OdinFK the Thaumaturge (level 14, -3/101 HPs)
             Began as a Djinni Fire Elementalist on Aug 28, 2022.
             Was the Champion of Makhleb.
             Slain by a torpor snail (19 damage)
             ... on level 5 of the Lair of Beasts.
             The game lasted 01:38:59 (12806 turns).

OdinFK the Thaumaturge (Djinni Fire Elementalist)  Turns: 12806, Time: 01:39:00

Health: -3/101     AC:  6    Str: 10    XL:     14   Next: 43%
Gold:   1148       EV: 16    Int: 20    God:    Makhleb [******] SH:  0 Dex: 16

rFire   + + .      SeeInvis .   J - +2 short sword "Opism" {vamp, Str+3}
rCold   + . .      Faith    .   (no shield)
rNeg    . . .      Spirit   .   U - +2 robe {rC+}
rPois   ∞          Reflect  .   Y - +1 hat {Stlth+}
rElec   .          Harm     .   (no cloak)
rCorr   .          Rampage  .   l - +0 pair of gloves
Will    ++...                   (boots unavailable)
Stlth   +++++.....              D - amulet of regeneration
HPRegen 1.06/turn               N - ring of willpower
MPRegen 0.00/turn               B - ring of protection from cold

@: flying, slowed, very slow
A: sickness immunity, fire resistance 2, cold vulnerability 1, float, innate
caster, HP casting, extra vitality 1
a: Renounce Religion, Minor Destruction, Lesser Servant of Makhleb, Major
Destruction, Greater Servant of Makhleb


You were on level 5 of the Lair of Beasts.
You worshipped Makhleb.
Makhleb was exalted by your worship.
You visited 4 branches of the dungeon, and saw 20 of its levels.

You collected 1148 gold pieces.

Inventory:

Hand Weapons
 t - a +0 short sword of speed
 J - the +2 short sword "Opism" (weapon) {vamp, Str+3}
   (You found it on level 8 of the Dungeon)

   It occasionally heals its wielder for a portion of the damage dealt when it
   wounds a living foe.
   Str:       It affects your strength (+3).
 Z - a +0 short sword of electrocution
Missiles
 C - a throwing net
Armour
 g - a +0 troll leather armour
 l - a +0 pair of gloves (worn)
 o - a +0 helmet
 F - +0 steam dragon scales
 U - a +2 robe of cold resistance (worn)
 V - the +1 robe of Qazlal's Wrath {-Tele rPois rF+++ Dex-4}
   (You found it on level 10 of the Dungeon)

   Dex:       It affects your dexterity (-4).
   rF:        It renders you almost immune to fire.
   rPois:     It protects you from poison.
   -Tele:     It prevents most forms of teleportation.
 Y - a +1 hat of stealth (worn)
Magical Staves
 S - a staff of fire
Jewellery
 w - a ring of positive energy
 B - a ring of protection from cold (right hand)
 D - an amulet of regeneration (around neck)
 N - a ring of willpower (left hand)
 Q - a +4 ring of slaying
 T - a ring of resist corrosion
 W - a +6 ring of dexterity
Wands
 k - a wand of flame (43)
 q - a wand of roots (15)
 y - a wand of mindburst (12)
 G - a wand of charming (3)
 K - a wand of acid (5)
Scrolls
 a - 6 scrolls of teleportation {unknown}
 b - 11 scrolls of identify {unknown}
 e - 4 scrolls of poison {unknown}
 f - 4 scrolls of magic mapping {unknown}
 i - 2 scrolls of brand weapon {unknown}
 m - a scroll of fog {unknown}
 r - 2 scrolls of enchant armour {unknown}
 s - 3 scrolls of immolation {unknown}
 H - 3 scrolls of vulnerability {unknown}
 M - a scroll of amnesia {unknown}
 O - a scroll of acquirement {unknown}
 P - 3 scrolls of fear {unknown}
 R - a scroll of enchant weapon {unknown}
Potions
 c - 9 potions of heal wounds {unknown}
 d - 3 potions of invisibility {unknown}
 h - 8 potions of curing {unknown}
 j - 3 potions of resistance {unknown}
 n - a potion of brilliance {unknown}
 p - 3 potions of cancellation {unknown}
 u - 4 potions of haste {unknown}
 x - 4 potions of mutation {unknown}
 z - 3 potions of might {unknown}
 E - a potion of lignification {unknown}
 I - 3 potions of degeneration {unknown}
 L - a potion of attraction {unknown}
 X - a potion of magic {unknown}


   Skills:
 - Level 9.0 Fighting
 - Level 3.5 Short Blades
 - Level 8.0 Dodging
 - Level 10.1 Stealth
 * Level 13.9 Spellcasting
 - Level 2.0 Invocations
 - Level 2.0 Evocations


You had 8 spell levels left.
You knew the following spells:

 Your Spells              Type           Power      Damage    Failure   Level
a - Foxfire               Conj/Fire      100%       2x1d9     0%          1
b - Scorch                Fire           100%       2d10      1%          2
c - Conjure Flame         Conj/Fire      63%        6-21      1%          3
d - Inner Flame           Hex/Fire       63%        N/A       1%          3
e - Flame Wave            Conj/Fire      63%        2d15      1%          4
f - Beastly Appendage     Tmut           100%       N/A       0%          1
g - Static Discharge      Conj/Air       63%        3-11/arc  1%          2
h - Confusing Touch       Hex            63%        N/A       1%          3
i - Animate Armour        Summ/Erth      100%       N/A       1%          4
j - Dispel Undead         Necr           63%        3d22      1%          4
k - Yara's Violent Unrav  Hex/Tmut       31%        3d13      1%          5
Your spell library was empty.

Dungeon Overview and Level Annotations

Branches:
Dungeon (12/15)            Temple (1/1) D:5            Lair (5/5) D:8
 Shoals (0/4) Lair:3        Snake (0/4) Lair:2        Slime (0/5) Lair:4
    Orc (2/2) D:11            Elf (0/3) Orc:2

Altars:
Ashenzari
Cheibriados
Dithmenos
Elyvilon
Fedhas
Gozag
Hepliaklqana
Makhleb
Nemelex Xobeh
Okawaru
Qazlal
Ru
Trog
Uskayaw
Wu Jian
Xom
Yredelemnul
Zin
The Shining One

Annotations:
D:6 2 transporters, Cai's ghost, novice HuWn
D:7 3 runed translucent doors, Orread's ghost, novice HOFi
D:11 exclusion: downstairs
Lair:2 exclusion: downstairs
Lair:4 1 runed translucent door, exclusion: downstairs


Innate Abilities, Weirdness & Mutations

You are immune to sickness and miasma.
You are immune to poison.
Your flesh is very heat resistant. (rF++)
You are vulnerable to cold. (rC-)
You float through the air rather than walking.
You learn spells naturally, not from books.
Your magical power is your life essence.
You have superior vitality. (+4 MHP)


Message History

Press: ? - help, Dir - look around, f - activate A wave of flame ripples out!
The flame wave engulfs the polar bear!!
The polar bear is burned terribly!
You kill the polar bear!
Makhleb accepts your kill.
You feel better. (Press . to intensify the flame waves.)
* * * LOW HITPOINT WARNING * * *
You hear a howl!
Press: ? - help, v - describe, . - travel, g - get item
Here: a torpor snail (lightly wounded, more vulnerable to fire) Item here: a polar bear corpse.
The floor.
Unknown command.
Unknown command.
Press: ? - help, v - describe, . - travel, g - get item
Here: a torpor snail (lightly wounded, more vulnerable to fire) Item here: a polar bear corpse.
The floor.
Unknown command.
Aiming: Fastroot
Press: ? - help, Shift-Dir - straight line The roots erupt in riotous growth!
Roots grab the torpor snail.
The grasping roots constrict the torpor snail.
You hear a trumpeting! x2; You hear a bellow!
You hear a trumpeting!
You hear a bellow!
The torpor snail is no longer more vulnerable to fire.
The torpor snail misses you.
The torpor snail bites you but does no damage.
The grasping roots constrict the torpor snail!
The roots release their grip on the torpor snail.
Aiming: Fastroot
Press: ? - help, Shift-Dir - straight line The roots erupt in riotous growth!
Roots grab the torpor snail.
The grasping roots constrict the torpor snail!
You hear a croak.
You hear a bellow!
The torpor snail bites you!!
You die...

#........
......... #
##........
..####.......P.
....#......(..P
...#...........
..#...#........
#.....@...#
#.....w..##
#......†..#
...P....#....
.#..#.....##..P
.P...#..P.# ..
........?.# #
..........
..........


You could see a torpor snail (rooted).

Vanquished Creatures
  3 hydras
  Fannar (Lair:1)
  A centaur warrior (D:11)
  3 two-headed ogres
  Pikel (D:9)
  2 orc knights (Orc:1)
  An orc sorcerer (Orc:1)
  2 elephants (Lair:2)
  A merfolk siren (Lair:3)
  Maggie (D:7)
  6 black mambas
  10 cane toads
  A gargoyle (D:10)
  3 kobold demonologists (D:9)
  An unseen horror (D:11)
  10 komodo dragons
  2 rime drakes
  2 trolls
  6 polar bears
  Prince Ribbit (Lair:2)
  25 blink frogs
  5 dream sheep (Lair:3)
  2 spriggans (Lair:2)
  2 wraiths
  A shadow (D:11)
  32 yaks
  4 wyverns
  A basilisk (Lair:3)
  Grum (D:9)
  2 steam dragons
  A two-headed ogre zombie (D:11)
  A warg (Lair:5)
  A naga (Lair:2)
  7 water moccasins
  11 orc warriors
  An ice beast (D:7)
  19 wolves
  8 ogres
  10 centaurs
  A lemure (D:9)
  2 phantoms
  4 kobold brigands
  14 bullfrogs
  A gnoll sergeant (D:6)
  2 scorpions
  A troll zombie (D:11)
  20 killer bees
  5 howler monkeys
  2 jellies
  A hound (D:6)
  8 orc priests
  2 gnoll boudas
  Natasha (thrice) (D:2)
  3 iguanas
  12 orc wizards
  5 ogre zombies (D:11)
  Robin (D:4)
  16 gnolls
  5 adders
  3 shadow imps
  An ufetubus (D:4)
  3 worms
  5 dart slugs
  54 orcs
  4 bats (D:2)
  7 endoplasms
  7 giant cockroaches
  15 goblins
  8 hobgoblins
  4 quokkas
  6 ball pythons
  4 goblin skeletons (D:11)
  3 goblin zombies (D:11)
  A hobgoblin skeleton (D:11)
  3 hobgoblin zombies (D:11)
  19 kobolds
  3 orc skeletons (D:11)
  11 orc zombies (D:11)
461 creatures vanquished.

Vanquished Creatures (collateral kills)
  A blink frog (Lair:2)
  11 foxfires
12 creatures vanquished.

Vanquished Creatures (others)
  A wizard (D:6)
  A cane toad (Lair:2)
  1154 foxfires
  14 fungi
  53 plants
1223 creatures vanquished.

Grand Total: 1696 creatures vanquished

Notes
Turn   | Place    | Note
-------+----------+-------------------------------------------
     0 | D:1      | OdinFK the Djinni Fire Elementalist began the quest for the
                  | Orb.
     0 | D:1      | OdinFK set off with the following spells memorised:
                  | Foxfire, Scorch, Conjure Flame, Inner Flame, Flame Wave.
     0 | D:1      | Reached XP level 1. HP: 15/15 MP: 0/0
   498 | D:1      | Reached XP level 2. HP: 20/22 MP: 0/0
   727 | D:2      | Reached skill level 1 in Fighting
   727 | D:2      | Reached XP level 3. HP: 15/27 MP: 0/0
   727 | D:2      | Learned a level 1 spell: Beastly Appendage
   731 | D:2      | Reached skill level 3 in Spellcasting
   882 | D:2      | Reached XP level 4. HP: 22/32 MP: 0/0
  1067 | D:2      | Noticed Natasha
  1207 | D:2      | Killed Natasha
  1208 | D:2      | Reached XP level 5. HP: 20/38 MP: 0/0
  1208 | D:2      | Learned a level 2 spell: Static Discharge
  1397 | D:2      | Noticed Natasha
  1401 | D:2      | Killed Natasha
  1402 | D:2      | Reached skill level 4 in Spellcasting
  1429 | D:2      | Noticed Natasha
  1440 | D:2      | Killed Natasha
  1586 | D:2      | Found a faded altar of an unknown god.
  2228 | D:3      | Reached XP level 6. HP: 42/43 MP: 0/0
  2332 | D:3      | Found a hide-covered altar of Uskayaw.
  2349 | D:3      | Found an ornate altar of the Wu Jian Council.
  2656 | D:4      | Noticed Robin
  2756 | D:3      | Reached skill level 1 in Short Blades
  2856 | D:4      | Reached XP level 7. HP: 33/50 MP: 0/0
  2856 | D:4      | Learned a level 3 spell: Confusing Touch
  3049 | D:4      | Found a glowing golden altar of the Shining One.
  3184 | D:4      | Reached skill level 5 in Spellcasting
  3230 | D:4      | Killed Robin
  3294 | D:4      | Noticed a shadow
  3295 | D:4      | Found a shadowy altar of Dithmenos.
  3296 | D:4      | Found a hazy altar of Hepliaklqana.
  3315 | D:5      | Entered Level 5 of the Dungeon
  3450 | D:5      | Found a staircase to the Ecumenical Temple.
  3621 | D:6      | Noticed Cai's ghost (novice HuWn)
  3621 | D:6      | Found a transporter.
  4149 | D:5      | Reached skill level 1 in Evocations
  4149 | D:5      | Reached XP level 8. HP: 48/56 MP: 0/0
  4154 | Temple   | Entered the Ecumenical Temple
  4228 | Temple   | Became a worshipper of Makhleb the Destroyer
  4483 | D:6      | Reached skill level 6 in Spellcasting
  4697 | D:6      | Found a transporter.
  4756 | D:6      | Found a bloodstained altar of Trog.
  4758 | D:6      | Noticed a wizard
  4762 | D:6      | Killed a wizard
  4797 | D:6      | Reached skill level 7 in Spellcasting
  4803 | D:6      | Reached XP level 9. HP: 62/62 MP: 0/0
  4803 | D:6      | Learned a level 4 spell: Animate Armour
  5063 | D:7      | Reached * piety under Makhleb
  5064 | D:7      | Reached skill level 1 in Invocations
  5210 | D:7      | Noticed Maggie
  5287 | D:7      | Found a runed translucent gate.
  5289 | D:7      | Found a runed translucent gate.
  5289 | D:7      | Found a runed translucent gate.
  5292 | D:7      | Noticed Orread's ghost (novice HOFi)
  5756 | D:8      | Found a stormy altar of Qazlal.
  5777 | D:8      | Reached skill level 5 in Dodging
  5858 | D:8      | Found a staircase to the Lair.
  5885 | D:8      | Identified the +2 short sword "Opism" {vamp, Str+3}
  6086 | D:8      | Reached skill level 5 in Fighting
  6086 | D:8      | Reached skill level 8 in Spellcasting
  6149 | D:8      | Reached XP level 10. HP: 68/70 MP: 0/0
  6168 | D:8      | Reached ** piety under Makhleb
  6275 | Lair:1   | Entered Level 1 of the Lair of Beasts
  6409 | Lair:1   | Reached skill level 9 in Spellcasting
  6534 | Lair:1   | Noticed a four-headed hydra
  6563 | Lair:1   | Noticed Fannar
  6634 | Lair:1   | Noticed a catoblepas
  6769 | Lair:1   | Noticed a cane toad
  6776 | Lair:1   | Killed a cane toad
  6845 | Lair:2   | Noticed a komodo dragon
  6845 | Lair:2   | Noticed a komodo dragon
  6848 | Lair:2   | Noticed an elephant
  6854 | Lair:1   | Killed a komodo dragon
  7064 | Lair:2   | Reached XP level 11. HP: 76/76 MP: 0/0
  7064 | Lair:2   | Learned a level 4 spell: Dispel Undead
  7095 | Lair:2   | Noticed Prince Ribbit
  7100 | Lair:2   | Killed Prince Ribbit
  7108 | Lair:2   | Reached skill level 5 in Stealth
  7112 | Lair:2   | Reached skill level 10 in Spellcasting
  7195 | Lair:2   | Found a staircase to the Snake Pit.
  7231 | Lair:2   | Noticed a death yak
  7248 | Lair:2   | Reached *** piety under Makhleb
  7439 | Lair:2   | Reached XP level 12. HP: 35/83 MP: 0/0
  7517 | Lair:2   | Reached skill level 10 in Stealth
  7547 | Lair:2   | Noticed a death yak
  7728 | Lair:2   | Noticed a death yak
  7756 | Lair:3   | Noticed a death yak
  7756 | Lair:3   | Noticed a death yak
  7756 | Lair:3   | Noticed a death yak
  7756 | Lair:3   | Noticed a death yak
  7756 | Lair:3   | Noticed a death yak
  7756 | Lair:3   | Noticed a death yak
  8053 | Lair:2   | Reached **** piety under Makhleb
  8440 | Lair:3   | Found a staircase to the Shoals.
  8675 | Lair:4   | Noticed a five-headed hydra
  8684 | Lair:4   | Killed a five-headed hydra
  8685 | Lair:4   | Reached XP level 13. HP: 92/92 MP: 0/0
  8685 | Lair:4   | Learned a level 5 spell: Yara's Violent Unravelling
  8715 | Lair:5   | Entered Level 5 of the Lair of Beasts
  8769 | Lair:4   | Found a runed translucent door.
  8769 | Lair:4   | Noticed an azure jelly
  8770 | Lair:4   | Found a staircase to the Slime Pits.
  8851 | Lair:4   | Reached skill level 11 in Spellcasting
  8991 | Lair:4   | Noticed an eight-headed hydra
  9081 | Lair:5   | Noticed a five-headed hydra
  9374 | D:7      | Killed Maggie
  9431 | D:9      | Reached skill level 12 in Spellcasting
  9500 | D:9      | Found a blossoming altar of Fedhas.
  9581 | D:9      | Reached ***** piety under Makhleb
  9746 | D:9      | Noticed Pikel
  9751 | D:9      | Killed Pikel
  9826 | D:9      | Found a sacrificial altar of Ru.
  9912 | D:9      | Noticed Grum
  9922 | D:9      | Killed Grum
 10296 | D:10     | Entered Level 10 of the Dungeon
 10349 | D:10     | Identified the +1 robe of Qazlal's Wrath {-Tele rPois rF+++
                  | Dex-4}
 10850 | D:11     | Noticed a centaur warrior
 11179 | D:11     | Killed a centaur warrior
 11262 | D:11     | Reached ****** piety under Makhleb
 11269 | D:11     | Found a staircase to the Orcish Mines.
 11449 | D:12     | Noticed a boulder beetle
 11496 | Orc:1    | Entered Level 1 of the Orcish Mines
 11621 | Orc:1    | Reached XP level 14. HP: 81/101 MP: 0/0
 11801 | Orc:2    | Entered Level 2 of the Orcish Mines
 11916 | Orc:2    | Found a staircase to the Elven Halls.
 12036 | Orc:2    | Reached skill level 13 in Spellcasting
 12250 | Lair:1   | Killed Fannar
 12806 | Lair:5   | Slain by a torpor snail

Illustrated notes

Levels and vault maps discovered:
D:1:      onia_arrival_pyramid, layout_basic
D:2:      layout_basic, hellmonk_ecumenical_altar_prayer_group,
          minmay_tetromino_o4, uniq_natasha
D:3:      layout_loops_corners, mainiacjoe_overflow_swirl,
          hangedman_decor_points
D:4:      layout_gridville, nicolae_kikubaaqudgha_miasma_corner,
          mainiacjoe_overflow_brackets, riverfiend_overflow_shadow_ancestor,
          dk_noncrumbling_4, uniq_robin
D:5:      layout_basic, minmay_temple_entry_slanted
D:6:      layout_basic, trog_wizard, gammafunk_ghost_arena,
          minmay_misc_feat_tiny
D:7:      layout_basic, vehumet_crystals, gammafunk_ghost_necromancy,
          uniq_maggie
D:8:      layout_rooms, grunt_qazlal_clouds, lair_entry_dummy, minivault_1,
          hangedman_abyss_or_decor_stabs, hangedman_decor_growths
D:9:      layout_basic, fedhas_ov_isle_minmay, nicolae_ru_awakened_eye,
          hex_tiny, uniq_grum, uniq_pikel
D:10:     layout_loops_ring
D:11:     layout_roguey, zombieorc2_lemuel
D:12:     layout_cave_pods, serial_park_tiny_1, uniq_rupert
Temple:   chequers_temple_sunken
Lair:1:   layout_long_grid, uniq_fannar
Lair:2:   wad_woods_tower, layout_chaotic_city, guppyfry_snake_entry_island,
          chequers_serial_rivers_micro_d, uniq_prince_ribbit2
Lair:3:   layout_hall_layers, minmay_shoals_entry_lonely_mermaid,
          chequers_serial_rivers_micro_e, st_stairs_13, grunt_megastairs_2
Lair:4:   layout_misc_corridors, slime_entry_2, grunt_megastairs_4
Lair:5:   hangedman_lair_caniforms_friends, layout_small_grid,
          guppyfry_lair_end_dragon, chequers_serial_rivers_micro_a, st_stairs_8,
          grunt_forest_small_clearings, cheibrodos_lair_lostbears
Orc:1:    layout_caves
Orc:2:    st_orc_open, layout_caves, basic_altar, mines2_david

Skill      XL: |  1  2  3  4  5  6  7  8  9 10 11 12 13 14 |
---------------+-------------------------------------------+-----
Fighting       | 1 2 3 4 5 6 8 9 |  9.0
Spellcasting   | 3 4 5 7 8 9 10 12 13 | 13.9
Stealth        | 2 4 9 10 | 10.1
Short Blades   | 1 2 3 |  3.5
Dodging        | 3 4 5 6 7 8 |  8.0
Evocations     | 1 2 |  2.0
Invocations    | 1 2 |  2.0

Action                   |  1- 3 |  4- 6 |  7- 9 | 10-12 | 13-15 || total
-------------------------+-------+-------+-------+-------+-------++-------
Melee: Unarmed           |       |     2 |       |       |       ||     2
       Dagger            |       |     1 |     6 |       |       ||     7
       Short sword       |       |     3 |     7 |     5 |    13 ||    28
 Cast: Foxfire           |    36 |    60 |   190 |   197 |   193 ||   676
       Scorch            |     1 |    20 |    61 |   125 |   222 ||   429
       Flame Wave        |       |       |     1 |    16 |    24 ||    41
       Confusing Touch   |       |       |     1 |       |       ||     1
       Dispel Undead     |       |       |       |       |    17 ||    17
       Yara's Violent Un |       |       |       |       |     4 ||     4
       Conjure Flame     |       |       |       |       |     1 ||     1
       Animate Armour    |       |       |       |       |     1 ||     1
       Inner Flame       |       |       |       |       |     1 ||     1
Evoke: Wand              |       |       |       |     3 |     2 ||     5
 Stab: Sleeping          |       |       |     3 |       |     9 ||    12
Armor: Robe              |       |     8 |     4 |       |    37 ||    49
       Steam dragon scal |       |       |     1 |    18 |     3 ||    22
Dodge: Dodged            |     1 |    20 |    31 |    73 |   143 ||   268
